TOP OF THE 1ST |
Mancelona Torch batting - Pitching for Delaware 1787 BC : LHP Jimmy Pineda
|
Pitching: LHP Jimmy Pineda
|
|
Batting: RHB Marty Aspen
|
0-0: Ball 1-0: Ball 2-0: Swinging Strike 2-1: Fly out, F6 (Popup, 6MD)
|
Batting: RHB Magtanggol Florencio
|
0-0: Called Strike 0-1: Ball 1-1: Swinging Strike 1-2: Strikes out swinging
|
Batting: LHB Basava Puri
|
0-0: Swinging Strike 0-1: Called Strike 0-2: Ball 1-2: Foul Ball, location: 2F 1-2: Foul Ball, location: 2F 1-2: Foul Ball, location: 2F 1-2: Foul Ball, location: 2F 1-2: Foul Ball, location: 2F 1-2: Ball 2-2: SINGLE (Groundball, 3D)
|
Batting: SHB Arend van der Veen
|
0-0: Called Strike Basava Puri is caught stealing 2nd base
|
Top of the 1st over - 0 runs, 1 hit, 0 errors, 0 left on base; Mancelona 0 - Delaware 0 |
BOTTOM OF THE 1ST |
Delaware 1787 BC batting - Pitching for Mancelona Torch : RHP Enrique Cruz
|
Pitching: RHP Enrique Cruz
|
|
Batting: RHB Román Ramírez
|
0-0: Ball 1-0: Ball 2-0: Ball 3-0: Called Strike 3-1: Called Strike 3-2: Foul Ball, location: 2F 3-2: Base on Balls
|
Batting: LHB Michael Simmons
|
0-0: Called Strike 0-1: Ball 1-1: Grounds into double play, 4-6-3 (Groundball, 4)
|
Batting: RHB Zacarías Salazar
|
0-0: Called Strike 0-1: Foul Ball, location: 2F 0-2: Strikes out swinging
|
Bottom of the 1st over - 0 runs, 0 hits, 0 errors, 0 left on base; Mancelona 0 - Delaware 0 |
TOP OF THE 2ND |
Mancelona Torch batting - Pitching for Delaware 1787 BC : LHP Jimmy Pineda
|
Batting: SHB Arend van der Veen
|
0-0: Called Strike 0-1: Ball 1-1: Called Strike 1-2: Foul Ball, location: 2F 1-2: Ball 2-2: Ground out 1-3 (Groundball, 13)
|
Batting: LHB Duncan Witteman
|
0-0: Called Strike 0-1: Ball 1-1: Swinging Strike 1-2: SINGLE (Flyball, 9S)
|
Batting: LHB Charles Godard
|
0-0: Ball 1-0: Fielders Choice at 2nd, 4-6 (Groundball, 34)
|
Batting: RHB Hjalmar Bisseling
|
0-0: Called Strike 0-1: Foul Ball, location: 2F 0-2: Ball Charles Godard steals 2nd base 1-2: Ball 2-2: Fly out, F8 (Flyball, 8LD)
|
Top of the 2nd over - 0 runs, 1 hit, 0 errors, 1 left on base; Mancelona 0 - Delaware 0 |
BOTTOM OF THE 2ND |
Delaware 1787 BC batting - Pitching for Mancelona Torch : RHP Enrique Cruz
|
Batting: LHB Todd Bonzalez
|
0-0: Foul Ball, location: 2F 0-1: Called Strike 0-2: Foul Ball, location: 2F 0-2: Fly out, F5 (Line Drive, 5)
|
Batting: RHB Gerold Olthof
|
0-0: Swinging Strike 0-1: Foul Ball, location: 2F 0-2: Ball 1-2: Foul Ball, location: 2F 1-2: Foul Ball, location: 2F 1-2: Foul Ball, location: 2F 1-2: Ball 2-2: Foul Ball, location: 2F 2-2: Fly out, F5 (Popup, 5SF)
|
Batting: LHB Manuel Gonzáles
|
0-0: Swinging Strike 0-1: Ball 1-1: Foul Ball, location: 2F 1-2: Ball 2-2: Strikes out looking
|
Bottom of the 2nd over - 0 runs, 0 hits, 0 errors, 0 left on base; Mancelona 0 - Delaware 0 |
TOP OF THE 3RD |
Mancelona Torch batting - Pitching for Delaware 1787 BC : LHP Jimmy Pineda
|
Batting: LHB Ed Holte
|
0-0: SINGLE (Line Drive, 9S)
|
Batting: SHB Carlos Morales
|
0-0: Ball 1-0: Called Strike 1-1: Ball 2-1: TRIPLE (Flyball, 78XD) Ed Holte scores
|
Batting: RHB Marty Aspen
|
0-0: Fly out, F7 (Flyball, 7S)
|
Batting: RHB Magtanggol Florencio
|
0-0: Foul Ball, location: 2F 0-1: Fly out, F8 (Flyball, 8LM) Runner from 3rd tags up, SCORES, no throw
|
Batting: LHB Basava Puri
|
0-0: Swinging Strike 0-1: Called Strike 0-2: Foul Ball, location: 2F 0-2: Strikes out swinging
|
Top of the 3rd over - 2 runs, 2 hits, 0 errors, 0 left on base; Mancelona 2 - Delaware 0 |
BOTTOM OF THE 3RD |
Delaware 1787 BC batting - Pitching for Mancelona Torch : RHP Enrique Cruz
|
Batting: RHB Claxton Derringer
|
0-0: Called Strike 0-1: Ball 1-1: Ball 2-1: Foul Ball, location: 2F 2-2: Foul Ball, location: 2F 2-2: Ball 3-2: Foul Ball, location: 2F 3-2: Base on Balls
|
Batting: RHB Tomás Flores
|
0-0: Ball 1-0: Called Strike 1-1: Swinging Strike 1-2: Strikes out swinging
|
Batting: RHB Denis Perrin
|
0-0: Ball 1-0: Fly out, F8 (Flyball, 8LM)
|
Batting: RHB Román Ramírez
|
0-0: Ball 1-0: Ball 2-0: Ball 3-0: Called Strike 3-1: Foul Ball, location: 2F 3-2: Strikes out swinging
|
Bottom of the 3rd over - 0 runs, 0 hits, 0 errors, 1 left on base; Mancelona 2 - Delaware 0 |
TOP OF THE 4TH |
Mancelona Torch batting - Pitching for Delaware 1787 BC : LHP Jimmy Pineda
|
Batting: SHB Arend van der Veen
|
0-0: Fly out, F9 (Line Drive, 89M)
|
Batting: LHB Duncan Witteman
|
0-0: Ball 1-0: Called Strike 1-1: Ball 2-1: Ground out 3-1 (Groundball, 34S)
|
Batting: LHB Charles Godard
|
0-0: Ball 1-0: Ball 2-0: Called Strike 2-1: Ground out 6-3 (Groundball, 6)
|
Top of the 4th over - 0 runs, 0 hits, 0 errors, 0 left on base; Mancelona 2 - Delaware 0 |
BOTTOM OF THE 4TH |
Delaware 1787 BC batting - Pitching for Mancelona Torch : RHP Enrique Cruz
|
Batting: LHB Michael Simmons
|
0-0: Foul Ball, location: 2F 0-1: Called Strike 0-2: SINGLE (Line Drive, 56)
|
Batting: RHB Zacarías Salazar
|
0-0: Called Strike 0-1: Ball 1-1: Ball 2-1: Called Strike 2-2: Strikes out swinging
|
Batting: LHB Todd Bonzalez
|
0-0: Foul Ball, location: 2F 0-1: Ball 1-1: Swinging Strike 1-2: Ball 2-2: Foul Ball, location: 2F 2-2: Strikes out looking
|
Batting: RHB Gerold Olthof
|
0-0: Ball 1-0: Foul Ball, location: 2F 1-1: Ball 2-1: Ball 3-1: Called Strike 3-2: DOUBLE (Line Drive, 8LD) Michael Simmons to third Michael Simmons scores
|
Batting: LHB Manuel Gonzáles
|
0-0: SINGLE (Line Drive, 8RS) Gerold Olthof to third
|
Batting: RHB Claxton Derringer
|
0-0: Fly out, F7 (Flyball, 7S)
|
Bottom of the 4th over - 1 run, 3 hits, 0 errors, 2 left on base; Mancelona 2 - Delaware 1 |
TOP OF THE 5TH |
Mancelona Torch batting - Pitching for Delaware 1787 BC : LHP Jimmy Pineda
|
Batting: RHB Hjalmar Bisseling
|
0-0: Ball 1-0: Called Strike 1-1: Foul Ball, location: 2F 1-2: Foul Ball, location: 2F 1-2: Foul Ball, location: 2F 1-2: Foul Ball, location: 2F 1-2: Strikes out looking
|
Batting: LHB Ed Holte
|
0-0: Swinging Strike 0-1: Ball 1-1: Ball 2-1: Foul Ball, location: 2F 2-2: Strikes out swinging
|
Batting: SHB Carlos Morales
|
0-0: Fly out, F3 (Popup, 3F)
|
Top of the 5th over - 0 runs, 0 hits, 0 errors, 0 left on base; Mancelona 2 - Delaware 1 |
BOTTOM OF THE 5TH |
Delaware 1787 BC batting - Pitching for Mancelona Torch : RHP Enrique Cruz
|
Batting: RHB Tomás Flores
|
0-0: Ball 1-0: Called Strike 1-1: Fly out, F9 (Flyball, 9LS)
|
Batting: RHB Denis Perrin
|
0-0: Ball 1-0: Fly out, F7 (Line Drive, 7)
|
Batting: RHB Román Ramírez
|
0-0: Bunt for hit - play at first, batter OUT! 3-4
|
Bottom of the 5th over - 0 runs, 0 hits, 0 errors, 0 left on base; Mancelona 2 - Delaware 1 |
TOP OF THE 6TH |
Mancelona Torch batting - Pitching for Delaware 1787 BC : LHP Jimmy Pineda
|
Batting: RHB Marty Aspen
|
0-0: DOUBLE (Flyball, 78XD)
|
Batting: RHB Magtanggol Florencio
|
0-0: Ball 1-0: Ground out 4-3 (Groundball, 4) Marty Aspen to third
|
Batting: LHB Basava Puri
|
0-0: Ball 1-0: Ground out 1-3 (Groundball, P)
|
Batting: SHB Arend van der Veen
|
0-0: Ball 1-0: Ball 2-0: Ground out 4-3 (Groundball, 4)
|
Top of the 6th over - 0 runs, 1 hit, 0 errors, 1 left on base; Mancelona 2 - Delaware 1 |
BOTTOM OF THE 6TH |
Delaware 1787 BC batting - Pitching for Mancelona Torch : RHP Enrique Cruz
|
Batting: LHB Michael Simmons
|
0-0: SINGLE (Line Drive, 8LS)
|
Batting: RHB Zacarías Salazar
|
0-0: Fielders Choice at 2nd, 5-4 (Groundball, 56)
|
Batting: LHB Todd Bonzalez
|
0-0: Called Strike 0-1: Called Strike Zacarías Salazar steals 2nd base 0-2: Ball 1-2: Ball 2-2: Foul Ball, location: 2F 2-2: Strikes out swinging
|
Batting: RHB Gerold Olthof
|
0-0: Ball 1-0: Fly out, F7 (Flyball, 7S)
|
Bottom of the 6th over - 0 runs, 1 hit, 0 errors, 1 left on base; Mancelona 2 - Delaware 1 |
TOP OF THE 7TH |
Mancelona Torch batting - Pitching for Delaware 1787 BC : LHP Jimmy Pineda
|
Batting: LHB Duncan Witteman
|
0-0: Ball 1-0: Called Strike 1-1: Swinging Strike 1-2: Ball 2-2: Ground out 4-3 (Groundball, 4)
|
Batting: LHB Charles Godard
|
0-0: Ground out U3 (Groundball, 3)
|
Batting: RHB Hjalmar Bisseling
|
0-0: Called Strike 0-1: Ball 1-1: Foul Ball, location: 2F 1-2: Strikes out swinging
|
Top of the 7th over - 0 runs, 0 hits, 0 errors, 0 left on base; Mancelona 2 - Delaware 1 |
BOTTOM OF THE 7TH |
Delaware 1787 BC batting - Pitching for Mancelona Torch : RHP Enrique Cruz
|
Batting: LHB Manuel Gonzáles
|
0-0: Called Strike 0-1: Foul Ball, location: 2F 0-2: Strikes out swinging
|
Batting: RHB Claxton Derringer
|
0-0: Ground out U3 (Groundball, 3S)
|
Batting: RHB Tomás Flores
|
0-0: SINGLE (Line Drive, 5S)
|
Batting: RHB Denis Perrin
|
0-0: Called Strike 0-1: Foul Ball, location: 2F 0-2: Ball 1-2: Fly out, F2 (Popup, 2RF)
|
Bottom of the 7th over - 0 runs, 1 hit, 0 errors, 1 left on base; Mancelona 2 - Delaware 1 |
TOP OF THE 8TH |
Mancelona Torch batting - Pitching for Delaware 1787 BC : LHP Jimmy Pineda
|
Batting: LHB Ed Holte
|
0-0: Called Strike 0-1: Fly out, F9 (Flyball, 9S)
|
Batting: SHB Carlos Morales
|
0-0: Ball 1-0: Ball 2-0: Ground out 1-3 (Groundball, 13)
|
Batting: RHB Marty Aspen
|
0-0: Called Strike 0-1: Ball 1-1: Foul Ball, location: 2F 1-2: Fly out, F9 (Flyball, 9)
|
Top of the 8th over - 0 runs, 0 hits, 0 errors, 0 left on base; Mancelona 2 - Delaware 1 |
BOTTOM OF THE 8TH |
Delaware 1787 BC batting - Pitching for Mancelona Torch : RHP Enrique Cruz
|
Batting: RHB Román Ramírez
|
0-0: Ball 1-0: Fly out, F3 (Popup, 23F)
|
Batting: LHB Michael Simmons
|
0-0: Foul Ball, location: 2F 0-1: Ball 1-1: Called Strike 1-2: Strikes out looking
|
Batting: RHB Zacarías Salazar
|
0-0: Called Strike 0-1: Swinging Strike 0-2: Fly out, F9 (Flyball, 9D)
|
Bottom of the 8th over - 0 runs, 0 hits, 0 errors, 0 left on base; Mancelona 2 - Delaware 1 |
TOP OF THE 9TH |
Mancelona Torch batting - Pitching for Delaware 1787 BC : LHP Jimmy Pineda
|
Pitching: LHP Einar Engberg
|
|
Batting: RHB Magtanggol Florencio
|
0-0: Ball 1-0: Ball 2-0: Called Strike 2-1: Ball 3-1: Called Strike 3-2: Base on Balls
|
Pinch Hitting: RHB Wen Chua
|
0-0: Called Strike 0-1: Ball 1-1: Ball 2-1: Ball 3-1: Grounds into double play, 3-6-3 (Groundball, 34)
|
Batting: SHB Arend van der Veen
|
0-0: Foul Ball, location: 2F 0-1: Called Strike 0-2: Ball 1-2: Strikes out swinging
|
Top of the 9th over - 0 runs, 0 hits, 0 errors, 0 left on base; Mancelona 2 - Delaware 1 |
BOTTOM OF THE 9TH |
Delaware 1787 BC batting - Pitching for Mancelona Torch : RHP Enrique Cruz
|
Pitching: LHP Melvin Conner
|
|
Now in LF: Wen Chua
|
|
Batting: LHB Todd Bonzalez
|
0-0: Ground out 6-3 (Groundball, 6MS)
|
Batting: RHB Gerold Olthof
|
0-0: Called Strike 0-1: Ball 1-1: Foul Ball, location: 2F 1-2: Ground out 4-3 (Groundball, 34)
|
Pinch Hitting: RHB Andrew Irwin
|
0-0: Ball 1-0: Called Strike 1-1: Ground out 4-3 (Groundball, 34S)
|
Bottom of the 9th over - 0 runs, 0 hits, 0 errors, 0 left on base; Mancelona 2 - Delaware 1 |
|